 Dungeon Crawl Stone Soup version 0.30-a0-782-ge64f9170bb (webtiles) character file.

Game seed: 5083773713615511173

172 mopl the Trooper (level 5, -5/33 HPs)
             Began as a Gargoyle Fighter on Mar 12, 2023.
             Killed by divine providence
             ... invoked by an orc priest
              (14 damage)
             ... on level 4 of the Dungeon.
             The game lasted 00:02:47 (2181 turns).

mopl the Trooper (Gargoyle Fighter)                 Turns: 2181, Time: 00:02:48

Health: -5/33      AC: 13    Str: 20    XL:     5   Next: 53%
Magic:  5/5        EV:  7    Int:  8    God:
Gold:   132        SH:  4    Dex: 11    Spells: 4/4 levels left

rFire   . . .      SeeInvis .    a - +0 flail
rCold   . . .      Faith    .    c - +0 buckler
rNeg    + . .      Spirit   .    x - +0 chain mail
rPois   ∞          Reflect  .    (no helmet)
rElec   +          Harm     .    (no cloak)
rCorr   .          Rampage  .    (no gloves)
Will    .....                    (no boots) Stlth
                                 (no amulet)
HPRegen 0.25/turn                (no ring)
MPRegen 0.09/turn                (no ring)

@: no status effects
A: sickness immunity, AC +4, negative energy resistance 1, electricity
resistance, torment resistance 1, petrification resistance
a: no special abilities


You were on level 4 of the Dungeon.
You visited 1 branch of the dungeon, and saw 4 of its levels.

You collected 132 gold pieces.

Inventory:

Hand Weapons
 a - a +0 flail (weapon)
 b - a +3 hand axe of electrocution
Missiles
 s - 8 poisoned darts (quivered)
Armour
 c - a +0 buckler (worn)
 x - a +0 chain mail (worn)
Jewellery
 m - a ring of positive energy
Scrolls
 h - 2 scrolls of poison {unknown}
 j - 4 scrolls of blinking {unknown}
 k - 3 scrolls of teleportation {unknown}
 n - 2 scrolls of identify {unknown}
 o - a scroll of vulnerability {unknown}
 p - a scroll of butterflies {unknown}
 q - a scroll of acquirement {unknown}
 r - a scroll of fear {unknown}
 v - a scroll of immolation {unknown}
Potions
 d - a potion of might
 e - 4 potions of attraction {unknown}
 f - a potion of cancellation {unknown}
 g - a potion of flight {unknown}
 i - 3 potions of lignification {unknown}
 l - a potion of curing {unknown}
 t - 4 potions of heal wounds {unknown}
 u - 4 potions of haste {unknown}


   Skills:
 + Level 4.1 Fighting
 * Level 3.8 Maces & Flails
 + Level 0.6 Throwing
 + Level 4.1 Armour
 + Level 1.5 Dodging
 - Level 3.2 Shields


You had 4 spell levels left.
You didn't know any spells.
Your spell library was empty.

Dungeon Overview and Level Annotations

Branches:
Dungeon (4/15)
 Temple: D:4-7

Altars:


Innate Abilities, Weirdness & Mutations

You are immune to sickness and miasma.
Your stone body is resilient. (AC +4)
You are immune to poison.
You resist negative energy. (rN+)
You are resistant to electric shocks. (rElec)
You are resistant to unholy torment.
You are immune to petrification.


Message History

An iguana comes into view.
The iguana hisses angrily.
The iguana moves out of view.
Found 20 gold pieces.
There is a large open door here.
An orc priest comes into view. It is wielding a +0 club.
Found a hand axe.
The iguana bites you.
There is a large open door here.
You sock the iguana!
The iguana is severely wounded.
You block the iguana's attack.
The iguana bites you but does no damage.
You hit the iguana.
The iguana is almost dead.
The iguana bites you but does no damage.
You hit the iguana but do no damage.
The iguana is almost dead.
The iguana bites you.
There is a large open door here.
You closely miss the iguana.
The iguana is almost dead.
The orc priest mumbles some strange prayers to Beogh against you.
Beogh smites you! The iguana barely misses you.
You closely miss the iguana.
The iguana is severely wounded.
You block the iguana's attack. The iguana bites you!
* * * LOW HITPOINT WARNING * * *
You are too injured to fight recklessly!
You are too injured to fight recklessly!
You sock the iguana!
You kill the iguana!
You sock the orc priest!
The orc priest is severely wounded.
The orc priest hits you with a +0 club.
* * * LOW HITPOINT WARNING * * *
You barely miss the orc priest.
The orc priest is severely wounded.
The orc priest mumbles some strange prayers to Beogh against you.
Beogh smites you!
You die...

.... .... . ...
####....# .. ...
.....#. # .$. ..
........ #..#.#
....#.# #. .#.....
..#.#.##...
.......##..........
.......o@...........
.......##...........
)...... +.........# ..
.......##.........#...
#.................#...
..#....###..†.........
. ##..................
#...............#..
#..................


You could see an orc priest.

Vanquished Creatures
  Terence (D:3)
  An iguana (D:4)
  4 adders
  A worm (D:3)
  2 dart slugs (D:1)
  2 orcs
  14 ball pythons
  11 bats
  6 endoplasms
  3 giant cockroaches (D:3)
  4 goblins
  4 hobgoblins
  6 jackals
  5 kobolds
  3 quokkas
  3 frilled lizards
  5 rats
75 creatures vanquished.

Notes
Turn   | Place    | Note
-------+----------+-------------------------------------------
     0 | D:1      | mopl the Gargoyle Fighter began the quest for the Orb.
     0 | D:1      | Reached XP level 1. HP: 14/14 MP: 1/1
    51 | D:1      | Reached XP level 2. HP: 19/19 MP: 2/2
   241 | D:1      | Reached XP level 3. HP: 21/23 MP: 3/3
   805 | D:2      | Reached skill level 3 in Maces & Flails
   805 | D:2      | Reached skill level 1 in Dodging
   843 | D:2      | Reached XP level 4. HP: 29/29 MP: 4/4
   946 | D:2      | Found a faded altar of an unknown god.
  1679 | D:3      | Noticed Terence
  1691 | D:3      | Killed Terence
  1692 | D:3      | Reached skill level 4 in Fighting
  1692 | D:3      | Reached skill level 4 in Armour
  1692 | D:3      | Reached XP level 5. HP: 24/33 MP: 5/5
  2181 | D:4      | Killed from afar by an orc priest

Illustrated notes

Levels and vault maps discovered:
D:1:      scummos_arrival_hexagon, layout_rooms
D:2:      layout_loops_ring, hellmonk_ecumenical_altar_run_dry
D:3:      layout_rooms, roderic_three_in_a_row, minmay_quadrilaterals,
          uniq_terence
D:4:      layout_basic, temple_green, enter_ossuary_2, dreamdust_gnoll_farm

Skill      XL: |  1  2  3  4 |
---------------+-------------+-----
Maces & Flails | 3 |  3.8
Dodging        | 1 |  1.5
Fighting       | 4 |  4.1
Armour         | 4 |  4.1
Throwing       | |  0.6
Shields        | |  3.2

Action                     |  1- 3 |  4- 6 || total
---------------------------+-------+-------++-------
  Melee: Flail             |   115 |   141 ||   256
 Armour: Scale mail        |    73 |    94 ||   167
         Chain mail        |       |     3 ||     3
  Dodge: Dodged            |    84 |    90 ||   174
  Block: Buckler           |    29 |    35 ||    64

Table legend: (Time is in decaauts)
 A = Elapsed time spent in this place.
 B = Non-inter-level travel time spent in this place.
 C = Inter-level travel time spent in this place.
 D = Time resting spent in this place.
 E = Time spent auto-exploring this place.
 F = Levels seen in this place.
 G = Mean time per level.
                   A        B        C        D        E       F      G
               +--------+--------+--------+--------+--------+-----+--------+
         Total |   2255 |   2036 |    219 |     76 |   1289 |   4 |  563.8 |
       Dungeon |   2255 |   2036 |    219 |     76 |   1289 |   4 |  563.8 |
               +--------+--------+--------+--------+--------+-----+--------+

Top non-repeatable levels by time:
     D:3: 823 daAuts
     D:2: 789 daAuts
     D:1: 508 daAuts
     D:4: 134 daAuts
